 Dungeon Crawl Stone Soup version 0.18.1-8-gdd0e5ea (webtiles) character file.

170 striepan the Slasher (level 5, -3/42 HPs)
             Began as a Minotaur Gladiator on May 27, 2016.
             Slain by an ogre
             ... wielding a +0 giant spiked club
              (26 damage)
             ... on level 3 of the Dungeon.
             The game lasted 00:14:40 (2647 turns).

striepan the Slasher (Minotaur Gladiator)           Turns: 2647, Time: 00:14:40

Health: -3/42      AC: 11    Str: 19    XL:     5   Next: 26%
Magic:  4/4        EV:  8    Int:  5    God:
Gold:   136        SH:  0    Dex: 12    Spells: 0 memorised, 4 levels left

rFire  . . .     SeeInvis .     a - +0 long sword
rCold  . . .     Gourm    .     y - +0 chain mail
rNeg   . . .     Faith    .     (no shield)
rPois  .         Spirit   .     c - +0 hat
rElec  .         Dismiss  .     (no cloak)
rCorr  .         Reflect  .     (no gloves)
SustAt .         Harm     .     k - +2 pair of boots
MR     .....                    (no amulet)
Stlth  ..........               l - ring of stealth
                                w - ring of stealth

@: not resistant to hostile enchantments, extremely unstealthy
A: retaliatory headbutt, horns 2
a: no special abilities


You were on level 3 of the Dungeon.
You were very hungry.

You visited 1 branch of the dungeon, and saw 4 of its levels.

You collected 136 gold pieces.

Inventory:

Hand Weapons
 a - a +0 long sword (weapon)
Missiles
 d - 3 throwing nets (quivered)
Armour
 b - a +0 leather armour
 c - a +0 hat (worn)
 k - a +2 pair of boots (worn)
 q - a +0 scale mail
 s - a +0 robe of fire resistance
 y - a +0 chain mail (worn)
Jewellery
 i - an uncursed ring of ice
 l - a ring of stealth (right hand)
 v - an uncursed ring of positive energy
 w - a ring of stealth (left hand)
Scrolls
 e - a scroll of fog {unknown}
 g - a scroll of remove curse {unknown}
 j - a scroll of blinking {unknown}
 m - 3 scrolls of enchant weapon {unknown}
 r - a scroll of noise {unknown}
 u - a scroll of teleportation {unknown}
 x - a scroll of fear {unknown}
Potions
 o - a potion of agility {unknown}
 p - a potion of degeneration {unknown}
 t - a potion of beneficial mutation {unknown}
Comestibles
 f - 3 bread rations
 h - 3 meat rations
 n - a slice of pizza


   Skills:
 - Level 2.4 Fighting
 + Level 7.2 Long Blades
 - Level 2.0 Throwing
 - Level 3.2 Dodging


You had 4 spell levels left.
You didn't know any spells.

Dungeon Overview and Level Annotations

Branches:
Dungeon (4/15)
 Temple: D:4-7

Altars:
Makhleb
Nemelex Xobeh
Pakellas
Qazlal

Annotations:
D:4 Pikel; Zleub's ghost, amateur DEFE


Innate Abilities, Weirdness & Mutations

You reflexively headbutt those who attack you in melee.
You have a pair of horns on your head.


Message History

The ogre is lightly wounded.
The ogre closely misses you.
You hit the ogre.
The ogre is moderately wounded.
Your chain mail prevents you from hitting the ogre.
The ogre is moderately wounded.
The ogre barely misses you.
You hit the ogre.
The ogre is heavily wounded.
The ogre hits you with a giant spiked club!!
You hit the ogre.
The ogre is heavily wounded.
The ogre closely misses you.
You hit the ogre.
The ogre is heavily wounded.
You hit the ogre.
The ogre is almost dead.
The ogre hits you with a giant spiked club!!
Ouch! That really hurt!
You die...

....##...#.......#...............
..>......+.......................
.........#.......#...............
##.......#.......#.......#.......
#...............#.......#.......
#.###..............##...........
##'###...........##.##...........
#................O...............
#...............@...##...........
.................#####........###
.................+...............
.........##......##..............
...........#..................###
...........#..................###
...........#........#..........##
....[......#.#.#....#..........##
...........#.#.#....#..........##


You could see an ogre.

Vanquished Creatures
  Jessica (D:2)
  Natasha (D:2)
  A hound skeleton (D:3)
  6 adders
  5 worms
  4 bats
  6 goblins
  4 hobgoblins
  2 quokkas (D:3)
  5 giant newts
  9 kobolds
  5 rats
49 creatures vanquished.

Vanquished Creatures (others)
  An ice dragon (D:2)
1 creature vanquished.

Grand Total: 50 creatures vanquished

Notes
Turn   | Place    | Note
--------------------------------------------------------------
     0 | D:1      | striepan the Minotaur Gladiator began the quest for the Orb.
     0 | D:1      | Reached XP level 1. HP: 18/18 MP: 0/0
    92 | D:1      | Reached skill level 4 in Long Blades
   128 | D:1      | Reached XP level 2. HP: 24/25 MP: 1/1
   706 | D:2      | Noticed Natasha
   707 | D:2      | Noticed a crimson imp
   717 | D:2      | Killed Natasha
   717 | D:2      | Reached skill level 5 in Long Blades
   717 | D:2      | Reached XP level 3. HP: 5/30 MP: 2/2
   725 | D:2      | HP: 1/30 [kobold/club (3)]
  1147 | D:2      | Noticed Jessica
  1154 | D:2      | Killed Jessica
  1154 | D:2      | Reached skill level 6 in Long Blades
  1154 | D:2      | Reached XP level 4. HP: 37/37 MP: 3/3
  1874 | D:2      | Found an oddly glowing altar of Pakellas.
  1874 | D:2      | Noticed an ice dragon
  1887 | D:2      | Killed an ice dragon
  1956 | D:3      | Reached skill level 7 in Long Blades
  1956 | D:3      | Reached XP level 5. HP: 32/42 MP: 4/4
  2043 | D:3      | Found a stormy altar of Qazlal.
  2045 | D:3      | Found a burning altar of Makhleb.
  2283 | D:3      | Found a sparkling altar of Nemelex Xobeh.
  2409 | D:4      | Noticed Pikel
  2409 | D:4      | Noticed a slave
  2409 | D:4      | Noticed a slave
  2409 | D:4      | Noticed a slave
  2409 | D:4      | Noticed a slave
  2409 | D:4      | Noticed Zleub's ghost (amateur DEFE)
  2411 | D:4      | Noticed an ogre
  2647 | D:3      | Slain by an ogre

Skill      XL: |  1  2  3  4 |
---------------+-------------+-----
Long Blades    | 4 5 6 7 |  7.2
Fighting       | |  2.4
Throwing       | |  2.0
Dodging        | |  3.2

Action                   |  1- 3 |  4- 6 || total
-------------------------+-------+-------++-------
Melee: Long sword        |    47 |    66 ||   113
       Headbutt          |     7 |     6 ||    13
Throw: Throwing net      |     1 |       ||     1
 Stab: Sleeping          |       |     5 ||     5
  Eat: Chunk             |     1 |     3 ||     4
Armor: Leather armour    |     4 |       ||     4
       Scale mail        |    14 |     3 ||    17
       Robe              |       |    10 ||    10
       Chain mail        |       |     1 ||     1
Dodge: Dodged            |    21 |    26 ||    47
